Map: Dragon Scales LE

Players

Ravi

  • Race: Protoss Protoss
  • Spawn Location: 5:00

ChiefArbiter - Winner!

  • Race: Zerg Zerg
  • Spawn Location: 11:00

VOD

Have the link to the VOD?

Description

Time

  • Played on: Feb. 26, 2023, 4:43 p.m.
  • Length: 19:37
Show
View Real Time Build Order
Export as new Build Order

Ravi Protoss 

Build Orders: 1 Gate Expand, Oracle Opening 

Get SALT Encoding   

  12  0:00  Probe  
  13  0:12  Probe  
  14  0:20  Pylon  
  14  0:24  Probe  
  15  0:44  Probe  
  15  0:45  Gateway  
  16  0:56  Assimilator  
  16  0:57  Probe  
  17  1:15  Probe (Chrono Boost)  
  18  1:27  Probe (Chrono Boost)  
  19  1:34  Nexus  
  19  1:37  Cybernetics Core  
  19  1:39  Probe  
  20  1:49  Assimilator  
  20  1:52  Probe  
  21  2:08  Gateway  
  21  2:14  Warp Gate  
  21  2:15  Adept (Chrono Boost)  
  23  2:32  Pylon  
  23  2:45  Probe, Adept  
  23  2:46  Probe  
  27  2:52  Stargate  
  27  2:57  Probe  
  28  2:59  Adept  
  28  3:04  Probe  
  31  3:14  Twilight Council, Probe  
  32  3:27  Probe x2  
  32  3:31  Assimilator  
  32  3:34  Oracle (Chrono Boost)  
  34  3:40  Probe  
  38  3:47  Pylon  
  36  3:57  Probe  
  36  4:00  Assimilator  
  36  4:02  Pylon  
  37  4:07  Shield Battery  
  37  4:10  Oracle (Chrono Boost)  
  37  4:16  Probe x2  
  42  4:17  Stalker  
  42  4:22  Stalker  
  46  4:40  Probe x2  
  48  4:47  Oracle  
  48  4:52  Probe x2  
  53  4:54  Charge (Chrono Boost)  
  53  4:56  Zealot x2  
  57  5:03  Pylon  
  57  5:04  Probe x2  
  59  5:16  Probe x2  
  61  5:35  Zealot x2  
  61  5:37  Probe x2  
  67  5:50  Oracle  
  70  6:05  Pylon  
  70  6:06  Pylon  
  70  6:16  Nexus  
  70  6:19  Pylon  
  70  6:22  Robotics Facility, Assimilator  
  70  6:23  Probe x2, Robotics Facility  
  70  6:25  Gateway, Assimilator  
  72  6:35  Probe x2  
  74  6:45  Zealot x2  
  78  6:47  Probe x2  
  78  6:51  Forge  
  80  7:00  Void Ray (Chrono Boost)  
  84  7:04  Blink  
  84  7:09  Zealot x2  
  88  7:27  Zealot  
  90  7:35  Protoss Ground Weapons Level 1 (Chrono Boost), Observer  
  95  7:39  Probe x2  
  95  7:40  Probe, Robotics Bay, Void Ray  
  95  7:41  Pylon  
  95  7:42  Zealot x2  
  102  7:46  Immortal  
  106  7:53  Zealot  
  108  8:00  Immortal (Chrono Boost)  
  108  8:01  Probe x3  
  115  8:06  Pylon  
  115  8:16  Pylon  
  115  8:23  Probe x2  
  115  8:24  Probe  
  122  8:30  Void Ray  
  122  8:34  Colossus (Chrono Boost)  
  116  8:35  Zealot x3  
  128  8:48  Pylon  
  128  8:54  Probe x3, Extended Thermal Lance (Chrono Boost)  
  131  9:06  Probe x2, Colossus  
  131  9:07  Probe  
  131  9:08  Pylon  
  140  9:25  Colossus  
  146  9:33  Protoss Ground Weapons Level 2  
  146  9:38  Probe x3, Pylon  
  148  9:57  Probe x3, Nexus  
  148  9:58  Pylon  
  151  10:01  Pylon, Colossus  
  151  10:04  Assimilator  
  157  10:09  Pylon, Assimilator  
  157  10:10  Pylon  
  157  10:11  Shield Battery  
  157  10:15  Shield Battery  
  157  10:17  Shield Battery  
  157  10:21  Photon Cannon  
  157  10:22  Photon Cannon  
  157  10:25  Photon Cannon  
  157  10:30  Zealot  
  159  10:50  Zealot  
  159  10:51  Zealot x2  
  165  10:57  Colossus x2, Gateway  
  165  10:59  Gateway x2  
  165  11:03  Gateway  
  171  11:10  Probe x3  
  174  11:17  Gateway  
  174  11:19  Gateway  
  174  11:21  Gravitic Boosters  
  154  11:37  Zealot x3  
  97  11:50  Colossus (Chrono Boost)  
  91  11:58  Zealot x6  
  91  11:59  Zealot  
  105  12:01  Probe x3  
  105  12:06  Colossus (Chrono Boost)  
  100  12:20  Zealot x3  
  100  12:21  Zealot x4  
  102  12:39  Colossus (Chrono Boost)  
  102  12:42  Zealot x5  
  102  12:43  Protoss Ground Weapons Level 3 (Chrono Boost), Zealot x2  
  122  12:50  Colossus (Chrono Boost)  
  128  12:59  Templar Archives  
  128  13:03  Nexus  
  128  13:04  Zealot x3  
  120  13:05  Pylon, Zealot  
  95  13:12  Zealot  
  95  13:18  Zealot x2  
  95  13:19  Colossus  
  91  13:26  Zealot x2  
  92  13:34  Zealot  
  72  13:45  Probe (Chrono Boost)  
  71  13:55  Probe (Chrono Boost)  
  72  13:56  Probe (Chrono Boost), Zealot x2  
  72  13:57  Probe (Chrono Boost), Zealot x3  
  72  14:00  Probe (Chrono Boost)  
  77  14:05  Probe x2  
  79  14:11  Probe  
  79  14:14  Pylon  
  79  14:15  Pylon  
  81  14:17  Probe x2, Colossus  
  81  14:20  High Templar x5  
  81  14:23  Probe  
  99  14:26  Archon  
  99  14:27  Archon  
  99  14:35  Shield Battery, High Templar  
  99  14:38  Shield Battery  
  101  14:39  Observer  
  101  14:42  Archon  
  102  14:55  Pylon  
  102  15:00  Probe x3, Pylon  
  105  15:11  Psionic Storm  
  105  15:13  High Templar x6  
  117  15:20  Nexus, Archon x3  
  117  15:23  Pylon, Protoss Shields Level 1  
  117  15:31  Stalker  
  117  15:35  Probe x3  
  122  15:48  Colossus, Observer  
  129  15:50  Probe x2  
  129  15:52  High Templar  
  133  15:58  Probe  
  133  16:01  Pylon  
  134  16:08  Assimilator  
  134  16:09  High Templar x2  
  138  16:12  Assimilator  
  138  16:13  Archon  
  138  16:22  High Templar x3  
  102  16:49  Zealot x2  
  70  17:12  Photon Cannon  
  70  17:13  Probe x4, Photon Cannon  
  74  17:15  Photon Cannon  
  74  17:18  Photon Cannon  
  74  17:19  Shield Battery  
  68  17:22  Shield Battery  
  61  17:36  Stalker  
  61  17:37  Stalker x2  
  65  17:40  Probe  
  65  17:42  Probe  
  69  17:53  Probe, Pylon  
  69  17:54  Probe  
  45  18:27  Colossus (Chrono Boost)  
  45  18:28  Zealot x3  
  45  18:29  Zealot  
  48  18:50  High Templar x3  
  48  18:51  High Templar  
  48  18:55  Archon x2  
  40  19:24  High Templar  
  40  19:25  High Templar x2  
  40  19:26  High Templar  
Show
View Real Time Build Order
Export as new Build Order

ChiefArbiter Zerg - Winner!

Build Orders: Hatch First 

Get SALT Encoding   

  12  0:00  Drone  
  13  0:08  Drone  
  14  0:16  Overlord  
  14  0:34  Drone x3  
  17  0:54  Hatchery  
  17  0:57  Drone  
  17  0:58  Drone  
  17  1:02  Extractor  
  17  1:08  Drone  
  18  1:17  Spawning Pool  
  17  1:20  Drone  
  19  1:32  Drone  
  19  1:44  Overlord  
  19  2:04  Queen  
  19  2:06  Queen  
  23  2:09  Metabolic Boost  
  23  2:10  Zergling x4  
  23  2:11  Zergling x2  
  23  2:14  Drone  
  27  2:19  Drone  
  28  2:36  Drone x3  
  31  2:39  Drone  
  32  2:48  Queen  
  32  2:49  Overlord  
  32  2:50  Overlord  
  34  2:57  Drone  
  35  3:08  Drone  
  35  3:09  Spore Crawler  
  35  3:21  Hatchery  
  35  3:22  Zergling x6  
  35  3:27  Overlord  
  36  3:34  Lair  
  36  3:47  Drone x5  
  41  3:52  Extractor  
  41  3:53  Extractor  
  41  3:54  Drone x2  
  41  4:05  Drone  
  41  4:06  Drone x4  
  46  4:21  Drone x3  
  46  4:22  Drone x2  
  46  4:23  Drone  
  52  4:41  Hydralisk Den  
  52  4:42  Evolution Chamber  
  52  4:43  Zergling x14, Evolution Chamber  
  56  4:57  Drone  
  56  4:58  Drone x2, Spore Crawler  
  58  5:00  Overlord  
  58  5:01  Overlord  
  58  5:10  Queen, Zerg Missile Weapons Level 1, Zerg Ground Armor Level 1  
  55  5:23  Drone x2, Spore Crawler  
  55  5:26  Spore Crawler  
  54  5:29  Hydralisk  
  54  5:30  Hydralisk x2  
  60  5:39  Drone  
  60  5:40  Drone x3  
  64  5:57  Grooved Spines  
  64  5:59  Drone x7  
  70  6:15  Drone x4  
  74  6:24  Overlord x5  
  74  6:25  Spore Crawler  
  73  6:53  Hydralisk  
  73  6:54  Hydralisk x5  
  72  6:56  Hatchery  
  72  6:57  Queen  
  85  7:09  Muscular Augments  
  85  7:18  Drone  
  85  7:19  Drone x2  
  85  7:21  Drone  
  85  7:22  Drone x12  
  101  7:24  Extractor  
  101  7:26  Extractor  
  98  7:41  Drone x4  
  98  7:42  Overlord, Drone x2  
  104  7:51  Drone  
  105  8:04  Hydralisk x7  
  105  8:05  Hatchery  
  119  8:12  Drone  
  119  8:13  Drone  
  119  8:14  Extractor  
  119  8:21  Zerg Missile Weapons Level 2  
  119  8:23  Zerg Melee Weapons Level 1  
  119  8:41  Zergling x16  
  127  8:46  Overlord  
  127  8:47  Overlord x8, Baneling Nest  
  126  8:48  Overseer  
  126  8:49  Overseer  
  126  9:00  Zergling x2  
  127  9:14  Hatchery  
  126  9:51  Centrifugal Hooks  
  125  9:56  Zergling x2  
  125  9:57  Zergling x40  
  146  10:12  Spire  
  145  10:14  Drone  
  145  10:16  Infestation Pit  
  145  10:22  Pneumatized Carapace  
  145  10:25  Zerg Ground Armor Level 2  
  145  10:50  Baneling x12  
  145  10:51  Baneling x6  
  145  10:59  Zerg Melee Weapons Level 2  
  145  11:09  Hydralisk x12  
  145  11:10  Hydralisk x3  
  174  11:17  Zergling x22  
  167  11:38  Zergling x2  
  167  11:39  Zergling x24  
  143  11:51  Zergling x14  
  150  11:57  Hive  
  128  12:18  Zergling x16  
  128  12:19  Zergling x16  
  142  12:31  Zergling x8  
  142  12:32  Zergling x20  
  156  12:37  Baneling x7  
  156  12:38  Baneling x7  
  156  12:41  Drone x3  
  156  12:42  Drone x2  
  156  12:43  Queen  
  163  12:45  Drone  
  164  12:52  Zerg Flyer Weapons Level 1  
  119  13:23  Zergling x36  
  119  13:24  Zergling x8  
  129  13:35  Zergling x2  
  129  13:36  Zergling x10  
  135  13:45  Spire  
  112  14:00  Hydralisk x18  
  137  14:10  Zerg Ground Armor Level 3, Zerg Missile Weapons Level 3  
  137  14:25  Viper x3  
  137  14:29  Baneling  
  137  14:30  Baneling x5  
  146  14:37  Drone x3  
  149  14:39  Drone x3  
  149  14:41  Extractor  
  151  14:48  Zergling x16  
  151  14:49  Hydralisk  
  151  14:50  Hydralisk x5  
  171  15:10  Drone x3  
  171  15:13  Extractor  
  173  15:16  Hydralisk x8  
  189  15:30  Baneling  
  189  15:31  Baneling x7  
  189  15:39  Drone  
  189  15:40  Drone x2, Extractor  
  191  15:47  Baneling  
  191  15:48  Baneling x10  
  112  17:01  Corruptor x3  
  112  17:02  Corruptor x10  
  112  17:06  Zergling x16  
  146  17:15  Zergling x8  
  141  17:30  Zergling x16  
  149  17:41  Hydralisk  
  149  17:42  Hydralisk x8  
  167  17:50  Greater Spire  
  167  17:55  Baneling x15  
  167  17:56  Zergling x2  
  167  17:57  Zergling x24  
  143  18:28  Zergling x16  
  143  18:29  Zergling x20  
  161  18:38  Zergling x2  
  161  18:39  Zergling x2  
  163  19:02  Hydralisk x16  
Tags
 
Add a new tag
Caveats
  • Supply blocks, unpowered buildings, or Contaminate may cause inaccurate times.
  • Supply counts are checked every 10 seconds.